 Dungeon Crawl Stone Soup version 0.22.1-1-ga44c0e5 (webtiles) character file.

441092 dvd the Pyromancer (level 24, -9/142 HPs)
             Began as an Octopode Fire Elementalist on Sept 28, 2018.
             Was the Champion of Vehumet.
             Mangled by an iron dragon (20 damage)
             ... on level 5 of the Vaults on Sept 29, 2018.
             The game lasted 04:51:17 (54517 turns).

dvd the Pyromancer (Octopode Fire Elementalist)    Turns: 54517, Time: 04:51:18

Health: -9/142     AC: 15    Str: 15    XL:     24   Next: 11%
Magic:  33/73      EV: 22    Int: 31    God:    Vehumet [******]
Gold:   1347       SH: 21    Dex: 14    Spells: 11/61 levels left

rFire    + + +     SeeInvis +   e - +5 flail of the Sixty-Six Lies {pain, rElec rN+ Str-3}
rCold    + + .     Gourm    .   R - +2 shield of Resistance {rF+ rC+ MR+}
rNeg     + . .     Faith    .   f - +2 hat {MR+}
rPois    +         Spirit   .   n - +6 amulet of reflection
rElec    +         Reflect  +   k - ring of magical power
rCorr    .         Harm     .   r - +6 ring of protection
MR       +++..                  J - +3 ring of intelligence
Stlth    +++++.....             v - ring "Fedghux" {+Inv rF++ rC+ MP+9 Str+3}
HPRegen  1.33/turn              P - +6 ring of protection
MPRegen  0.43/turn              X - ring of see invisible
                                i - ring of Past Mistakes {Wiz MP+9 Str+2}
                                U - +4 ring of evasion

@: mighty, regenerating, studying Necromancy
A: almost no armour, stealthy swim, amphibious, 8 rings, constrict 8, camouflage
1, clever 1, poison resistance, wild magic 1, gelatinous body 1
}: 2/15 runes: serpentine, barnacled
a: Renounce Religion, Evoke Invisibility


You were on level 5 of the Vaults.
You worshipped Vehumet.
Vehumet was exalted by your worship.
You were not hungry.

You visited 8 branches of the dungeon, and saw 40 of its levels.
You also visited: Labyrinth and Ice Cave.

You collected 4307 gold pieces.
You spent 2960 gold pieces at shops.

Inventory:

Hand Weapons
 a - a +9 rapier of venom
 e - the +5 flail of the Sixty-Six Lies (weapon) {pain, rElec rN+ Str-3}
   (You took it off a deep elf demonologist on level 3 of the Elven Halls)

   In the hands of one skilled in necromantic magic, it inflicts extra damage on
   living creatures.
   It affects your strength (-3).
   It insulates you from electricity.
   It protects you from negative energy.
Armour
 f - a +2 hat of magic resistance (worn)
 R - the +2 shield of Resistance (worn) {rF+ rC+ MR+}
   (You bought it in a shop on level 2 of the Orcish Mines)

   It protects you from fire.
   It protects you from cold.
   It affects your resistance to hostile enchantments.
Magical Staves
 G - an uncursed staff of conjuration
Jewellery
 i - the ring of Past Mistakes (on tentacle) {Wiz MP+9 Str+2}
   (You found it on level 3 of the Elven Halls)

   [ring of wizardry]

   It improves your spell success rate.
   It affects your strength (+2).
   It affects your magic capacity (+9).
 k - a ring of magical power (left tentacle)
 n - a +6 amulet of reflection (around mantle)
 r - a +6 ring of protection (right tentacle)
 v - the ring "Fedghux" (on tentacle) {+Inv rF++ rC+ MP+9 Str+3}
   (You took it off a naga warrior on level 4 of the Snake Pit)

   [ring of protection from cold]

   It affects your strength (+3).
   It greatly protects you from fire.
   It protects you from cold.
   It affects your magic capacity (+9).
   It lets you turn invisible.
 x - a +3 ring of evasion
 J - a +3 ring of intelligence (on tentacle)
 L - the ring "Qaffoih" {+Inv rN+ Dex-3 SInv}
   (You took it off a deep elf blademaster on level 3 of the Elven Halls)

   [ring of see invisible]

   It affects your dexterity (-3).
   It protects you from negative energy.
   It lets you see invisible.
   It lets you turn invisible.
 P - a +6 ring of protection (on tentacle)
 U - a +4 ring of evasion (on tentacle)
 V - an uncursed ring of magical power
 W - an uncursed ring of wizardry
 X - a ring of see invisible (on tentacle)
 Y - an uncursed ring of resist corrosion
Wands
 c - a wand of random effects (84)
 g - a wand of scattershot (12)
 m - a wand of flame (99)
 B - a wand of paralysis (55)
 H - a wand of acid (1)
 I - a wand of iceblast (8)
 M - a wand of disintegration (5)
 S - a wand of clouds (16)
 T - a wand of digging (28)
Scrolls
 b - a scroll of holy word
 h - 6 scrolls of magic mapping
 j - 18 scrolls of identify
 p - 14 scrolls of remove curse
 q - 7 scrolls of amnesia
 y - 3 scrolls of fog
 z - a scroll of summoning
 A - a scroll of blinking
 D - 6 scrolls of fear
 N - 5 scrolls of teleportation
Potions
 d - 2 potions of mutation
 l - 2 potions of heal wounds
 o - 2 potions of haste
 s - a potion of berserk rage
 t - a potion of ambrosia
 w - 10 potions of curing
 E - 3 potions of flight
 F - 5 potions of agility
 K - a potion of might
 O - 4 potions of brilliance
 Q - 4 potions of cancellation
Books
 Z - a manual of Necromancy
Comestibles
 u - 53 rations
 C - 7 chunks of flesh


   Skills:
 + Level 5.9 Fighting
 + Level 7.8(8.1) Short Blades
   Level 2.7(5.7) Long Blades
 + Level 5.9(6.0) Maces & Flails
 + Level 1.1(3.9) Staves
 + Level 7.8 Dodging
 + Level 9.2 Stealth
 * Level 14.8 Shields
 + Level 19.4 Spellcasting
 + Level 15.6 Conjurations
 + Level 5.9 Charms
 + Level 8.9 Necromancy
 + Level 2.9 Translocations
 + Level 21.4 Fire Magic
 + Level 7.5 Air Magic
   Level 1.8 Poison Magic
 + Level 1.6 Evocations


You had 11 spell levels left.
You knew the following spells:

 Your Spells              Type           Power        Failure   Level  Hunger
a - Flame Tongue          Conj/Fire      #####        1%          1    None
b - Throw Flame           Conj/Fire      ######       1%          2    None
c - Sticky Flame          Conj/Fire      ########     1%          4    None
d - Fireball              Conj/Fire      ########..   1%          5    None
e - Throw Icicle          Conj/Ice       #######.     1%          4    None
f - Airstrike             Air            #######...   1%          4    None
g - Bolt of Fire          Conj/Fire      ########..   1%          6    None
h - Bolt of Draining      Conj/Necr      #######...   1%          5    None
i - Blink                 Tloc           N/A          1%          2    None
j - Regeneration          Chrm/Necr      #######...   1%          3    None
k - Ignition              Fire           ########..   1%          8    #####..
l - Freezing Cloud        Conj/Ice/Air   #######...   1%          6    None

Your spell library contained the following spells:

 Spells                   Type           Power        Failure   Level  Hunger
 Glaciate                 Conj/Ice       #######...   98%         9    ######.
 Tornado                  Air            #######...   99%         9    ######.
 Shatter                  Erth           #####.....   100%        9    ######.
 Animate Skeleton         Necr           N/A          1%          1    None
 Beastly Appendage        Tmut           #####.       1%          1    None
 Confusing Touch          Hex            #####.       1%          1    None
 Freeze                   Ice            ####         1%          1    None
 Magic Dart               Conj           ####         1%          1    None
 Pain                     Necr           ####         1%          1    None
 Sting                    Conj/Pois      ####         1%          1    None
 Call Imp                 Summ           #####...     1%          2    None
 Poisonous Vapours        Pois/Air       ######       1%          2    None
 Slow                     Hex            #####...     1%          2    None
 Sticks to Snakes         Tmut           #####...     1%          2    None
 Throw Frost              Conj/Ice       ######       1%          2    None
 Conjure Flame            Conj/Fire      ########     1%          3    None
 Gell's Gravitas          Tloc           ######....   1%          3    None
 Ignite Poison            Fire/Tmut/Pois #######.     1%          3    None
 Inner Flame              Hex/Fire       #######.     1%          3    None
 Mephitic Cloud           Conj/Pois/Air  #######.     1%          3    None
 Ozocubu's Armour         Chrm/Ice       ######..     1%          3    None
 Spider Form              Tmut/Pois      #####.....   1%          3    None
 Vampiric Draining        Necr           #######...   1%          3    None
 Animate Dead             Necr           N/A          1%          4    None
 Olgreb's Toxic Radiance  Pois           ######..     1%          4    None
 Venom Bolt               Conj/Pois      #######...   1%          5    None
 Confuse                  Hex            #####...     2%          3    None
 Ring of Flames           Chrm/Fire      #######...   2%          7    ###....
 Death Channel            Necr           #######...   3%          6    None
 Yara's Violent Unravell  Hex/Tmut       #####.....   5%          5    None
 Ice Form                 Ice/Tmut       #####...     7%          4    None
 Petrify                  Tmut/Erth      #####...     7%          4    None
 Summon Ice Beast         Ice/Summ       #####...     7%          4    None
 Simulacrum               Ice/Necr       ######....   16%         6    None
 Blade Hands              Tmut           #####.....   19%         5    None
 Metabolic Englaciation   Hex/Ice        #####.....   19%         5    None
 Ozocubu's Refrigeration  Ice            #####.....   22%         6    None
 Summon Hydra             Summ           #####.....   99%         7    ###....


Dungeon Overview and Level Annotations

Branches:
Dungeon (15/15)            Temple (1/1) D:5            Lair (6/6) D:11
 Shoals (4/4) Lair:3        Snake (4/4) Lair:4        Slime (0/5) Lair:6
    Orc (2/2) D:12            Elf (3/3) Orc:2        Vaults (5/5) D:13
  Crypt (0/3) Vaults:2     Depths (0/5) D:15

Altars:
Ashenzari
Cheibriados
Dithmenos
Elyvilon
Fedhas
Gozag
Hepliaklqana
Kikubaaqudgha
Makhleb
Nemelex Xobeh
Okawaru
Qazlal
Ru
Sif Muna
Trog
Uskayaw
Vehumet
Wu Jian
Xom
Yredelemnul
Zin
The Shining One
Beogh
Jiyva

Shops:
D:13 [   Orc:1 :   Orc:2 ([:*:   Elf:1 }   Elf:2 [   Elf:3 !   Shoals:1 %
Snake:2 !%(=%!   Vaults:2 [   Vaults:3 [

Annotations:
Shoals:3 exclusion: Roxanne, Roxanne
Vaults:4 1 runed door, emiel's ghost, adept BaSk


Innate Abilities, Weirdness & Mutations

You cannot wear most types of armour.
You are very stealthy in the water. (Stealth+)
You are amphibious.
You can wear up to eight rings at the same time.
You can use your tentacles to constrict eight enemies at once.
Your skin changes colour to match your surroundings (Stealth+).
Your rubbery body absorbs attacks. (AC +1, EV +1)
Your mind is acute. (Int +2)
Your system is resistant to poisons. (rPois)
Your spells are a little harder to cast, but a little more powerful.


Message History

Confirm with . or Enter, or press ? or * to list all spells.
Aiming: Airstrike (safe; 1% risk of failure)
Press: ? - help, Dir - move target cursor, f/p - iron dragon
Aim: an iron dragon (almost dead, catching its breath)
The air twists around and strikes the iron dragon!
The iron dragon is almost dead.
You block the iron dragon's attack. x2; The iron dragon tramples you!!
* * * LOW HITPOINT WARNING * * *
You stumble backwards!
Casting: Airstrike (safe; 1% risk of failure)
Confirm with . or Enter, or press ? or * to list all spells.
Aiming: Airstrike (safe; 1% risk of failure)
Press: ? - help, Dir - move target cursor, f/p - iron dragon
Aim: an iron dragon (almost dead, catching its breath)
The air twists around and strikes the iron dragon!
The iron dragon is almost dead.
The iron dragon bites you!
* * * LOW HITPOINT WARNING * * *
The iron dragon misses you. The iron dragon tramples you!!
You die...

# #.#.#.#. .# .#.# #....# #
#.#.#.#.# #.#.#.#.# #.[..#
##.#)#.#.# #.#.#.#.##....#
#.#.#)#.# #.#.#.#)#....# .#.#.#.#
#.#.#.#.....# #[#.#.#
#.#.#†#..).#. )#.#.# #.#.#..(....
[.#.###################.#...(....
).))).).).......@D...............
.................................
#################################


You could see an iron dragon.

Vanquished Creatures
  Boris (Vaults:2)
  A tentacled monstrosity (Vaults:5)
  A titan (Vaults:5)
  4 deep elf blademasters (Elf:3)
  The ghost of ThePrince the Brawler, an adept TrMo of Hepliaklqana (Vaults:1)
  3 deep elf master archers (Elf:3)
  An acid blob (shapeshifter) (Elf:3)
  2 tengu reavers
  A kraken (Shoals:2)
  Donald (Orc:2)
  2 storm dragons (Vaults:2)
  Ilsuiw (Shoals:2)
  4 frost giants
  2 fire giants
  13 nagarajas (Snake:4)
  18 vault wardens
  7 deep elf sorcerers
  3 orc warlords
  A curse skull (Vaults:2)
  5 deep elf elementalists (Elf:3)
  An emperor scorpion (shapeshifter) (Vaults:3)
  15 ironheart preservers
  8 stone giants
  Nessos (Orc:2)
  6 deep elf demonologists
  An entropy weaver (Vaults:2)
  5 dire elephants (Lair:6)
  6 deep elf annihilators
  A minotaur (Lab)
  4 ettins
  A crystal guardian (Vaults:3)
  8 deep elf death magi
  5 merfolk javelineers (Shoals:4)
  6 merfolk impalers
  13 ogre magi
  A fire dragon (Vaults:2)
  2 deep elf high priests (Elf:3)
  Harold (Lair:1)
  3 rakshasas
  31 naga warriors
  9 yaktaur captains
  6 anacondas
  36 vault guards
  The ghost of Malog the Blocker, a journeyman FoHu of Fedhas (D:13)
  3 catoblepae
  8 hydras
  3 centaur warriors
  6 merfolk avatars
  2 alligator snapping turtles (Shoals:4)
  A death knight (D:14)
  The ghost of tifemel the Archer, a novice CeHu of Okawaru (Lair:1)
  39 two-headed ogres
  An ice dragon (Vaults:3)
  9 merfolk aquamancers
  25 dancing weapons
  A tengu warrior (Shoals:3)
  4 death yaks
  A satyr (Shoals:3)
  A deep troll earth mage (Vaults:4)
  The ghost of crawlian the Arsonist, a journeyman DEFE of Vehumet (Lair:3)
  3 deep troll shamans
  22 naga sharpshooters
  An orc high priest (Orc:2)
  15 deep elf knights
  Urug (Lair:5)
  12 shock serpents
  A shock serpent (shapeshifter) (Vaults:4)
  2 skeletal warriors (Vaults:2)
  3 shadow wraiths
  3 salamander mystics
  3 unseen horrors
  A flayed ghost (Vaults:2)
  13 sea snakes
  2 glowing orange brains
  9 naga ritualists
  15 deep trolls
  3 wizards
  10 deep elf archers
  A harpy (shapeshifter) (D:12)
  2 necromancers
  12 ironbrand convokers
  A phantasmal warrior (D:14)
  8 mana vipers
  8 harpies
  17 orc knights
  Pikel (D:5)
  6 orc sorcerers
  57 deep elf magi
  A manticore (shapeshifter) (D:15)
  33 ugly things
  18 fauns
  5 wolf spiders
  A human zombie (Vaults:1)
  11 slime creatures
  12 manticores
  A moth of wrath (shapeshifter) (Vaults:3)
  21 elephants
  13 merfolk sirens
  8 cyclopes
  10 salamanders
  Joseph (D:9)
  4 guardian serpents
  3 ice statues (IceCv)
  28 black mambas
  18 naga magi
  5 water nymphs
  An eye of devastation (shapeshifter) (Vaults:5)
  5 gargoyles
  12 vault sentinels
  A rime drake (shapeshifter) (Vaults:3)
  8 spiny frogs
  7 komodo dragons
  3 rime drakes
  A yaktaur (shapeshifter) (Vaults:1)
  A redback zombie (D:15)
  2 efreet (D:15)
  41 yaktaurs
  A tengu conjurer (Shoals:3)
  5 freezing wraiths
  A minotaur skeleton (Lab)
  A queen bee (Lair:2)
  2 polar bears
  9 trolls
  7 hornets
  Prince Ribbit (Lair:1)
  2 wind drakes
  33 merfolk
  Grinder (D:6)
  19 blink frogs
  7 dream sheep
  A raiju (shapeshifter) (D:15)
  A harpy skeleton (Vaults:1)
  A dream sheep (shapeshifter) (D:14)
  13 hippogriffs
  A spectral black mamba (Lair:1)
  A meliai zombie (D:15)
  14 snapping turtles
  5 air elementals
  A centaur simulacrum (D:14)
  2 redbacks
  2 shadows
  3 wyverns
  A hog (shapeshifter) (Vaults:3)
  A yak (shapeshifter) (D:15)
  A spriggan (Lair:2)
  5 large abominations (Elf:1)
  A human (shapeshifter) (D:15)
  A redback (shapeshifter) (Vaults:2)
  16 water elementals
  2 wraiths
  Grum (D:8)
  A tarantella (shapeshifter) (D:15)
  38 yaks
  Eustachio (D:5)
  9 vampire mosquitoes
  7 basilisks
  3 fire elementals
  5 hungry ghosts
  A death yak simulacrum (Lair:1)
  2 human simulacra (Vaults:1)
  A steam dragon (D:10)
  Edmund (D:5)
  12 wargs
  A swamp worm (shapeshifter) (Vaults:5)
  89 nagas
  A soldier ant (D:13)
  15 porcupines
  10 water moccasins
  Duvessa (D:5)
  2 acid dragons
  3 black bears
  A floating eye (shapeshifter) (Vaults:2)
  63 orc warriors
  2 phantoms
  A slave (D:4)
  An eye of draining (shapeshifter) (Elf:1)
  2 sky beasts
  24 wolves
  A black bear (shapeshifter) (Vaults:1)
  14 ice beasts
  43 ogres
  3 boggarts (D:15)
  18 centaurs
  16 crocodiles
  7 big kobolds
  11 bullfrogs
  4 elf zombies (Elf:1)
  2 spiny frog simulacra (Lair:1)
  A bullfrog (shapeshifter) (Vaults:3)
  Dowan (D:5)
  2 earth elementals
  A water moccasin zombie (D:6)
  4 wyvern skeletons
  A water moccasin skeleton (D:8)
  4 scorpions
  A dream sheep simulacrum (Lair:1)
  35 killer bees
  2 spriggan skeletons (Lab)
  A troll skeleton (Lab)
  4 wights (D:13)
  8 howler monkeys
  2 electric eels (Snake:2)
  4 crimson imps
  2 bullfrog zombies
  5 centaur zombies
  7 hounds
  7 jellies
  2 komodo dragon simulacra (Lair:1)
  24 orc priests
  3 centaur skeletons
  35 orc wizards
  2 bullfrog skeletons
  3 iguanas
  3 yak simulacra (Lair:6)
  11 worker ants
  3 polar bear simulacra (Lair:6)
  2 wolf simulacra (Lair:6)
  15 gnolls
  A howler monkey skeleton (D:5)
  12 adders
  2 shadow imps
  2 oozes
  An adder skeleton (D:5)
  3 worms
  3 dart slugs
  6 leopard geckos
  125 orcs
  A bat (shapeshifter) (Vaults:1)
  6 giant cockroaches
  10 goblins
  8 hobgoblins
  6 jackals
  6 quokkas
  2 bats
  3 frilled lizards
  A jackal skeleton (D:9)
  34 kobolds
  7 rats
  3 river rat simulacra (Lair:6)
  A butterfly (Lair:4)
  3 fungi
  29 plants
1905 creatures vanquished.

Vanquished Creatures (others)
  A deep elf master archer (Elf:3)
  Polyphemus (Shoals:2)
  2 stone giants
  2 merfolk javelineers
  A yaktaur captain (Vaults:3)
  4 centaur warriors
  A satyr (Shoals:4)
  A naga sharpshooter (Snake:1)
  2 deep elf archers (Elf:2)
  2 cyclopes
  3 fauns
  A yaktaur (shapeshifter) (D:14)
  5 yaktaurs
  A merfolk (Shoals:4)
  A centaur (D:14)
  8 fungi
  71 plants
  4 tentacles (Shoals:2)
  A withered plant (Shoals:2)
112 creatures vanquished.

Grand Total: 2017 creatures vanquished

Notes
Turn   | Place    | Note
-------+----------+-------------------------------------------
     0 | D:1      | dvd the Octopode Fire Elementalist began the quest for the
                  | Orb.
     0 | D:1      | Reached XP level 1. HP: 11/11 MP: 3/3
   177 | D:1      | Reached XP level 2. HP: 8/17 MP: 1/5
   393 | D:1      | Learned a level 2 spell: Throw Flame
   699 | D:1      | Reached XP level 3. HP: 15/21 MP: 4/6
  1185 | D:2      | Reached XP level 4. HP: 6/27 MP: 0/8
  1931 | D:3      | Reached skill level 4 in Fire Magic
  1954 | D:3      | HP: 1/27 [orc priest/divine providence (16)]
  2366 | D:3      | Reached XP level 5. HP: 29/31 MP: 9/9
  2375 | D:3      | Learned a level 4 spell: Sticky Flame
  2803 | D:4      | Noticed a big kobold
  2809 | D:4      | Killed a big kobold
  2809 | D:4      | Reached XP level 6. HP: 32/37 MP: 8/11
  2984 | D:4      | Found a shattered altar of Ashenzari.
  3346 | D:4      | Noticed a phantom
  3363 | D:4      | Killed a phantom
  3363 | D:4      | Reached skill level 5 in Fire Magic
  3615 | D:4      | Reached skill level 1 in Fighting
  3615 | D:4      | Reached XP level 7. HP: 43/43 MP: 12/12
  3734 | D:5      | Entered Level 5 of the Dungeon
  3738 | D:5      | Noticed Edmund
  4039 | D:5      | Noticed Pikel
  4196 | D:5      | Noticed Eustachio
  4212 | D:5      | Killed Eustachio
  4212 | D:5      | Reached skill level 1 in Shields
  4288 | D:5      | You fall through a shaft!
  4321 | D:6      | Reached skill level 1 in Short Blades
  4321 | D:6      | Reached XP level 8. HP: 38/48 MP: 14/14
  4460 | D:6      | Reached skill level 6 in Fire Magic
  4660 | D:6      | Learned a level 5 spell: Fireball
  4693 | D:5      | Found a staircase to the Ecumenical Temple.
  4703 | Temple   | Entered the Ecumenical Temple
  4756 | Temple   | Became a worshipper of Vehumet
  4935 | D:5      | Noticed Dowan
  4960 | D:4      | Learned a level 3 spell: Conjure Flame
  4978 | D:5      | Killed Edmund
  5018 | D:5      | Killed Pikel
  5018 | D:5      | Reached skill level 5 in Spellcasting
  5128 | D:5      | Noticed Duvessa
  5144 | D:5      | Found a shadowy altar of Dithmenos.
  5286 | D:5      | Killed Duvessa
  5288 | D:5      | Killed Dowan
  5288 | D:5      | Reached XP level 9. HP: 54/54 MP: 14/17
  5438 | D:6      | Noticed Grinder
  5445 | D:6      | Killed Grinder
  5464 | D:6      | Found an ornate altar of the Wu Jian Council.
  5517 | D:6      | Reached skill level 5 in Conjurations
  5650 | D:6      | Reached skill level 7 in Fire Magic
  6242 | D:7      | Got an encrusted war axe
  6243 | D:7      | Identified the +9 war axe of Hubris {antimagic, rElec Str+8
                  | Int+4 Dex+2} (You found it on level 7 of the Dungeon)
  6340 | D:7      | Reached * piety under Vehumet
  6340 | D:7      | Offered knowledge of Shock by Vehumet.
  6640 | D:7      | Reached skill level 1 in Maces & Flails
  6799 | D:8      | Noticed Grum
  6802 | D:8      | Reached skill level 5 in Stealth
  6802 | D:8      | Reached XP level 10. HP: 61/61 MP: 18/19
  6810 | D:8      | Killed Grum
  7202 | D:8      | Reached ** piety under Vehumet
  7202 | D:8      | Offered knowledge of Sting by Vehumet.
  7654 | D:9      | Offered knowledge of Mephitic Cloud by Vehumet.
  7906 | D:9      | Reached skill level 8 in Fire Magic
  8198 | D:9      | Noticed Joseph
  8203 | D:9      | Killed Joseph
  8209 | D:9      | Reached *** piety under Vehumet
  8391 | D:10     | Entered Level 10 of the Dungeon
  8860 | D:10     | Found a white marble altar of Elyvilon.
  8865 | D:10     | Learned a level 3 spell: Mephitic Cloud
  9073 | D:10     | Offered knowledge of Airstrike by Vehumet.
  9080 | D:10     | Learned a level 4 spell: Airstrike
  9322 | D:11     | Reached skill level 5 in Short Blades
  9324 | D:11     | Reached XP level 11. HP: 67/67 MP: 17/22
  9515 | D:11     | Reached **** piety under Vehumet
  9609 | D:11     | Offered knowledge of Throw Icicle by Vehumet.
  9609 | D:11     | Reached skill level 1 in Poison Magic
  9815 | D:11     | Found a staircase to the Lair.
 10259 | D:12     | Reached skill level 1 in Air Magic
 10311 | D:12     | Noticed a cyan ugly thing
 10328 | D:12     | Killed a cyan ugly thing
 10505 | D:12     | Reached skill level 9 in Fire Magic
 10634 | D:12     | Noticed a harpy
 10639 | D:12     | Killed a harpy
 10639 | D:12     | Reached ***** piety under Vehumet
 10639 | D:12     | Offered knowledge of Bolt of Draining by Vehumet.
 10646 | D:12     | Noticed a cyclops
 10650 | D:12     | Killed a cyclops
 10669 | D:12     | Noticed a deep elf mage
 10672 | D:12     | Killed a deep elf mage
 10685 | D:12     | Learned a level 6 spell: Bolt of Fire
 10851 | D:12     | Found a staircase to the Orcish Mines.
 10944 | D:12     | Reached XP level 12. HP: 74/74 MP: 24/25
 11311 | Lair:1   | Entered Level 1 of the Lair of Beasts
 11392 | Lair:1   | Found a labyrinth entrance.
 11414 | Lab      | Entered a labyrinth
 11637 | Lab      | Reached skill level 10 in Fire Magic
 12192 | Lab      | Gained mutation: You are occasionally teleported next to
                  | monsters. [potion of mutation]
 12192 | Lab      | Gained mutation: You possess an exceptional clarity of
                  | mind. [potion of mutation]
 12193 | Lab      | Lost mutation: You possess an exceptional clarity of mind.
                  | [potion of mutation]
 12193 | Lab      | Lost mutation: You are occasionally teleported next to
                  | monsters. [potion of mutation]
 12193 | Lab      | Gained mutation: Your system is resistant to poisons.
                  | (rPois) [potion of mutation]
 12193 | Lab      | Gained mutation: Your mind is acute. (Int +2) [potion of
                  | mutation]
 12193 | Lab      | Gained mutation: Your spells are a little harder to cast,
                  | but a little more powerful. [potion of mutation]
 12221 | Lab      | Noticed a minotaur
 12231 | Lab      | Killed a minotaur
 12231 | Lab      | Reached skill level 10 in Spellcasting
 12237 | Lab      | Identified a scroll of acquirement
 12354 | Lair:1   | Learned a level 5 spell: Bolt of Draining
 12468 | Lair:1   | Noticed Prince Ribbit
 12474 | Lair:1   | Killed Prince Ribbit
 12477 | Lair:1   | Noticed Harold
 12487 | Lair:1   | Killed Harold
 12786 | Lair:1   | Found a runed gate.
 12786 | Lair:1   | Found a runed gate.
 12787 | Lair:1   | Found a runed gate.
 12789 | Lair:1   | Noticed tifemel's ghost (novice CeHu)
 13026 | Lair:1   | Offered knowledge of Lightning Bolt by Vehumet.
 13046 | Lair:1   | Killed tifemel's ghost
 13326 | Lair:2   | Reached XP level 13. HP: 79/79 MP: 25/27
 13417 | Lair:2   | Reached skill level 1 in Evocations
 13553 | Lair:2   | Reached skill level 1 in Necromancy
 14408 | Lair:2   | Reached skill level 10 in Conjurations
 14694 | Lair:3   | Reached skill level 11 in Fire Magic
 14845 | Lair:3   | Found a runed door.
 14851 | Lair:3   | Noticed crawlian's ghost (journeyman DEFE)
 15178 | Lair:3   | Found a staircase to the Shoals.
 15970 | Lair:4   | Offered knowledge of Spellforged Servitor by Vehumet.
 15971 | Lair:4   | Found a staircase to the Snake Pit.
 16242 | Lair:4   | Reached skill level 12 in Fire Magic
 16763 | Lair:5   | Reached XP level 14. HP: 85/85 MP: 29/29
 16765 | Lair:5   | Noticed Urug
 16772 | Lair:5   | Killed Urug
 17063 | Lair:5   | Reached skill level 5 in Dodging
 17934 | Lair:6   | Entered Level 6 of the Lair of Beasts
 18689 | Lair:6   | Offered knowledge of Conjure Ball Lightning by Vehumet.
 19128 | Lair:6   | Found a staircase to the Slime Pits.
 19129 | Lair:6   | Found a viscous altar of Jiyva.
 19533 | Lair:6   | Reached skill level 13 in Fire Magic
 19545 | Lair:6   | Noticed a dire elephant
 19545 | Lair:6   | Noticed a dire elephant
 19553 | Lair:6   | Noticed a dire elephant
 19646 | Lair:6   | Noticed a dire elephant
 19653 | Lair:6   | Killed a dire elephant
 19661 | Lair:6   | Noticed a dire elephant
 19723 | Lair:6   | Killed a dire elephant
 19899 | Lair:6   | Killed a dire elephant
 20020 | Lair:6   | Killed a dire elephant
 20109 | Lair:6   | Killed a dire elephant
 20148 | Lair:6   | Noticed a dire elephant
 20368 | Lair:6   | Got a faintly glowing granite ring
 20386 | Lair:6   | Identified the ring of Moderation {*Tele Dex+8} (You found
                  | it on level 6 of the Lair of Beasts)
 20627 | Orc:1    | Entered Level 1 of the Orcish Mines
 20640 | Orc:1    | Reached XP level 15. HP: 91/91 MP: 13/31
 20873 | Orc:2    | Entered Level 2 of the Orcish Mines
 20873 | Orc:2    | Found a frozen archway.
 20931 | IceCv    | Entered an ice cave
 20932 | IceCv    | Offered knowledge of Poison Arrow by Vehumet.
 21372 | Orc:2    | Noticed Donald
 21372 | Orc:2    | Noticed an orc warlord
 21382 | Orc:2    | Found Zaxkygga's Book Shoppe.
 21452 | Orc:2    | Noticed Nessos
 21457 | Orc:2    | Killed Nessos
 21557 | Orc:1    | Noticed an orc warlord
 21843 | Orc:2    | Found a roughly hewn altar of Beogh.
 21854 | Orc:2    | Offered knowledge of Ozocubu's Refrigeration by Vehumet.
 21856 | Orc:2    | Killed Donald
 21856 | Orc:2    | Reached skill level 14 in Fire Magic
 21952 | Orc:2    | Found a staircase to the Elven Halls.
 21965 | Orc:2    | Killed an orc warlord
 22091 | Orc:2    | Found a roughly hewn altar of Beogh.
 22141 | Orc:2    | Found Sumnynt's Antique Armour Boutique.
 22183 | Orc:2    | Found Jieh's General Store.
 22201 | Orc:2    | Found Plog's Book Boutique.
 22230 | Orc:2    | Found Ihicuus's Antique Weapon Boutique.
 22257 | Orc:2    | Bought the +2 shield of Resistance {rF+ rC+ MR+} for 1356
                  | gold pieces
 22257 | Orc:2    | Found the +2 shield of Resistance {rF+ rC+ MR+}
 22283 | Orc:2    | Noticed an orc warlord
 22299 | Orc:2    | Killed an orc warlord
 23160 | Orc:1    | Killed an orc warlord
 23756 | Orc:1    | Found Biabagap's Book Emporium.
 24000 | Orc:1    | Bought a book of Minor Magic for 260 gold pieces
 24000 | Orc:1    | Bought a book of Necromancy for 390 gold pieces
 24003 | Orc:1    | Learned a level 2 spell: Blink
 24007 | Orc:1    | Learned a level 3 spell: Regeneration
 24738 | D:13     | Found a gate to the Vaults.
 24742 | D:13     | Reached skill level 1 in Charms
 24748 | D:13     | Reached ****** piety under Vehumet
 24748 | D:13     | Offered knowledge of Freezing Cloud by Vehumet.
 24972 | D:13     | Found a runed gate.
 24973 | D:13     | Found a runed gate.
 24973 | D:13     | Noticed Malog's ghost (journeyman FoHu)
 24974 | D:13     | Found a roughly hewn altar of Beogh.
 24974 | D:13     | Found a runed gate.
 25008 | D:13     | Found a shadowy altar of Dithmenos.
 25260 | D:13     | Found Tithaemo's Armour Shoppe.
 25485 | Lair:3   | Killed crawlian's ghost
 25485 | Lair:3   | Reached skill level 5 in Shields
 25635 | D:13     | Killed Malog's ghost
 25803 | D:13     | Reached XP level 16. HP: 97/97 MP: 29/33
 25976 | Shoals:1 | Entered Level 1 of the Shoals
 26551 | Shoals:1 | Found Wuqely's Food Boutique.
 26953 | Shoals:2 | Noticed Polyphemus
 26955 | Shoals:2 | Reached skill level 1 in Long Blades
 26959 | Shoals:2 | Killed Polyphemus
 27173 | Shoals:2 | Noticed Ilsuiw
 27337 | Shoals:2 | Reached skill level 15 in Fire Magic
 27908 | Shoals:2 | Killed Ilsuiw
 28313 | Shoals:2 | Noticed a kraken
 28319 | Shoals:2 | Killed a kraken
 29336 | Shoals:3 | Reached skill level 5 in Charms
 29486 | Shoals:3 | Noticed Roxanne
 29584 | Shoals:3 | Offered knowledge of Glaciate by Vehumet.
 29584 | Shoals:3 | Offered knowledge of Shatter by Vehumet.
 29584 | Shoals:3 | Offered knowledge of Tornado by Vehumet.
 30085 | Shoals:3 | Reached XP level 17. HP: 101/101 MP: 24/34
 30296 | Lair:5   | Got a transparent trident
 30297 | Lair:5   | Identified the +8 trident "Kirchoqoi" {vamp, *Rage Int+4}
                  | (You found it on level 5 of the Lair of Beasts)
 30611 | Shoals:4 | Entered Level 4 of the Shoals
 31131 | Shoals:4 | Reached skill level 16 in Fire Magic
 31349 | Shoals:3 | Learned a level 8 spell: Ignition
 31734 | Shoals:4 | Got a faintly glowing scythe {slice}
 31858 | Shoals:3 | Identified the +4 scythe of Tik Mirch {slice, *Corrode
                  | *Drain rPois Int+4} (You took it off a merfolk on level 4
                  | of the Shoals)
 32232 | Shoals:4 | Got a pitted quarterstaff {drain}
 32233 | Shoals:4 | Identified the +6 quarterstaff of the Puffin {drain, Int+3}
                  | (You took it off a merfolk aquamancer on level 4 of the
                  | Shoals)
 32255 | Shoals:4 | Reached skill level 1 in Translocations
 32372 | Shoals:4 | Got a barnacled rune of Zot
 32510 | Shoals:4 | Reached skill level 5 in Necromancy
 33090 | Shoals:4 | Identified Sif Muna's Tome of the Creative Snowflakes
 34215 | D:14     | Reached XP level 18. HP: 108/108 MP: 35/36
 34510 | D:15     | Entered Level 15 of the Dungeon
 34556 | D:15     | Reached skill level 5 in Fighting
 35475 | D:15     | Found a staircase to the Depths.
 35824 | Snake:1  | Entered Level 1 of the Snake Pit
 36421 | Snake:1  | Reached skill level 17 in Fire Magic
 37399 | Snake:2  | Found Aququ's Distillery.
 37415 | Snake:2  | Bought a potion of curing for 54 gold pieces
 37415 | Snake:2  | Bought a potion of curing for 54 gold pieces
 37415 | Snake:2  | Bought a potion of heal wounds for 90 gold pieces
 37415 | Snake:2  | Bought a potion of agility for 72 gold pieces
 37415 | Snake:2  | Bought 2 potions of curing for 108 gold pieces
 37415 | Snake:2  | Bought a potion of brilliance for 72 gold pieces
 37415 | Snake:2  | Bought a potion of haste for 180 gold pieces
 37415 | Snake:2  | Bought a potion of curing for 54 gold pieces
 37415 | Snake:2  | Bought a potion of heal wounds for 90 gold pieces
 37415 | Snake:2  | Bought a potion of haste for 180 gold pieces
 37424 | Snake:2  | Found Meutuxko's Food Boutique.
 37456 | Snake:2  | Reached skill level 5 in Air Magic
 37514 | Snake:2  | Found Adghaxy's Antique Weapon Shop.
 37548 | Snake:2  | Found Hiabofy's Food Shoppe.
 37591 | Snake:2  | Found Umiedgh's Jewellery Shop.
 37804 | Snake:2  | Found Yluora's Distillery.
 38509 | Snake:3  | Reached skill level 15 in Spellcasting
 38708 | Snake:3  | Reached XP level 19. HP: 113/113 MP: 38/38
 39325 | Snake:4  | Entered Level 4 of the Snake Pit
 39695 | Snake:4  | Reached skill level 10 in Shields
 40130 | Snake:4  | Learned a level 4 spell: Throw Icicle
 40515 | Snake:4  | Reached skill level 18 in Fire Magic
 41167 | Snake:4  | Got a faintly glowing glass ring
 41169 | Snake:4  | Identified the ring "Fedghux" {+Inv rF++ rC+ MP+9 Str+3}
                  | (You took it off a naga warrior on level 4 of the Snake
                  | Pit)
 42294 | Snake:4  | Reached XP level 20. HP: 119/119 MP: 32/39
 42534 | Snake:4  | Got a serpentine rune of Zot
 42838 | Elf:1    | Entered Level 1 of the Elven Halls
 43062 | Elf:1    | Found Zecunniq's Gadget Boutique.
 43733 | Elf:1    | Identified the Grimoire of Unholy Rites
 43952 | Elf:2    | Reached skill level 19 in Fire Magic
 44133 | Elf:2    | Found Mutrier's Armour Shoppe.
 44430 | Elf:2    | Learned a level 6 spell: Freezing Cloud
 44727 | Elf:2    | Found a huge runed gate.
 44727 | Elf:2    | Found a huge runed gate.
 44727 | Elf:2    | Found a huge runed gate.
 44727 | Elf:2    | Found a huge runed gate.
 44727 | Elf:2    | Found a huge runed gate.
 45812 | Elf:3    | Entered Level 3 of the Elven Halls
 45841 | Elf:3    | Found Nyli's Distillery.
 46426 | Elf:3    | Reached XP level 21. HP: 125/125 MP: 41/41
 46496 | Elf:3    | Noticed a caustic shrike
 46496 | Elf:3    | an azure jelly changed into a caustic shrike
 46498 | Elf:3    | a caustic shrike changed into an acid blob
 46644 | Elf:3    | Got a pitted tin ring
 46678 | Elf:3    | Got a brightly glowing flail {pain}
 46679 | Elf:3    | Identified the +5 flail of the Sixty-Six Lies {pain, rElec
                  | rN+ Str-3} (You took it off a deep elf demonologist on
                  | level 3 of the Elven Halls)
 46951 | Elf:3    | Identified the ring "Qaffoih" {+Inv rN+ Dex-3 SInv} (You
                  | took it off a deep elf blademaster on level 3 of the Elven
                  | Halls)
 46989 | Elf:3    | Identified the +7 triple sword of Baduryll {flame, *Contam
                  | Dex+3} (You took it off a deep elf death mage on level 3 of
                  | the Elven Halls)
 47358 | Elf:3    | Got a glittering jade ring
 47360 | Elf:3    | Identified the ring of Past Mistakes {Wiz MP+9 Str+2} (You
                  | found it on level 3 of the Elven Halls)
 47674 | Vaults:1 | Entered Level 1 of the Vaults
 48670 | Vaults:1 | Found a large runed door.
 48670 | Vaults:1 | Found a large runed door.
 48714 | Vaults:1 | Noticed ThePrince's ghost (adept TrMo)
 49082 | Vaults:1 | Killed ThePrince's ghost
 49170 | Vaults:2 | Reached skill level 15 in Conjurations
 49342 | Vaults:2 | Reached XP level 22. HP: 112/130 MP: 43/43
 49426 | Vaults:2 | Reached skill level 20 in Fire Magic
 49733 | Vaults:2 | Reached skill level 5 in Maces & Flails
 50185 | Vaults:2 | Found Meojesua's Armour Shop.
 50314 | Vaults:2 | Found a staircase to the Crypt.
 50360 | Vaults:2 | Noticed Boris
 50365 | Vaults:2 | Killed Boris
 52088 | Vaults:3 | Found Yfehicw's Armour Shop.
 52616 | Vaults:4 | Reached XP level 23. HP: 136/136 MP: 45/45
 52616 | Vaults:4 | Reached skill level 1 in Staves
 53290 | Vaults:4 | Found a runed door.
 53293 | Vaults:4 | Noticed emiel's ghost (adept BaSk)
 53746 | Vaults:4 | Reached skill level 21 in Fire Magic
 54091 | Vaults:5 | Entered Level 5 of the Vaults
 54103 | Vaults:5 | Noticed a golden dragon
 54119 | Vaults:5 | Noticed a golden dragon
 54255 | Vaults:5 | Reached XP level 24. HP: 142/142 MP: 46/46
 54517 | Vaults:5 | Mangled by an iron dragon

Skill      XL: |  1  2  3  4  5  6  7  8  9 10 11 12 13 14 15 16 17 18 19 20 21 22 23 |
---------------+----------------------------------------------------------------------+-----
Stealth        | 3 4 5 6 7 8 9 |  9.2
Fire Magic     | 4 5 6 7 8 9 10 12 13 14 15 16 17 18 19 20 21 | 21.4
Spellcasting   | 3 4 5 6 7 9 10 11 12 13 14 15 16 17 18 19 | 19.4
Conjurations   | 2 3 4 5 6 8 9 10 11 12 13 14 15 | 15.6
Fighting       | 1 2 3 4 5 |  5.9
Shields        | 2 3 4 5 6 8 9 10 11 12 13 14 | 14.8
Short Blades   | 1 2 4 5 6 7 |  7.8
Dodging        | 3 4 5 6 7 |  7.8
Maces & Flails | 1 3 4 5 |  5.9
Poison Magic   | 1 |  1.8
Air Magic      | 1 3 4 5 7 |  7.5
Evocations     | 1 |  1.6
Necromancy     | 1 6 7 8 |  8.9
Charms         | 2 5 |  5.9
Long Blades    | 1 2 |  2.7
Translocations | 2 |  2.9
Staves         | 1 |  1.1

Action                   |  1- 3 |  4- 6 |  7- 9 | 10-12 | 13-15 | 16-18 | 19-21 | 22-24 || total
-------------------------+-------+-------+-------+-------+-------+-------+-------+-------++-------
Melee: Short sword       |    33 |    13 |     5 |       |       |       |       |       ||    51
       Tentacles         |     8 |     5 |    16 |    29 |    30 |    56 |    31 |    18 ||   193
       Constrict         |    10 |     3 |    28 |    25 |    25 |    33 |    12 |    11 ||   147
       Rapier            |       |       |    76 |   109 |    90 |    87 |    72 |       ||   434
       Flail             |       |       |    28 |    67 |    53 |    22 |    35 |    64 ||   269
       Long sword        |       |       |       |       |    39 |    93 |    24 |       ||   156
       Staff             |       |       |       |       |       |    22 |    20 |    24 ||    66
       Scimitar          |       |       |       |       |       |     4 |    18 |       ||    22
 Cast: Flame Tongue      |    50 |    35 |    41 |    33 |    71 |    18 |    12 |     2 ||   262
       Throw Flame       |     6 |    69 |    95 |    74 |    44 |    19 |     3 |     1 ||   311
       Sticky Flame      |       |     1 |    19 |    48 |    48 |    33 |    20 |     8 ||   177
       Conjure Flame     |       |       |     1 |       |       |       |       |       ||     1
       Fireball          |       |       |     4 |    81 |   185 |   292 |   141 |    28 ||   731
       Mephitic Cloud    |       |       |       |    10 |     4 |     3 |       |       ||    17
       Airstrike         |       |       |       |    18 |    12 |    25 |    84 |    37 ||   176
       Bolt of Fire      |       |       |       |    24 |   139 |   179 |   207 |   111 ||   660
       Bolt of Draining  |       |       |       |     1 |    16 |    26 |    18 |     7 ||    68
       Regeneration      |       |       |       |       |     3 |    34 |    32 |    19 ||    88
       Blink             |       |       |       |       |       |     3 |    10 |     2 ||    15
       Ignition          |       |       |       |       |       |     3 |    85 |    94 ||   182
       Throw Icicle      |       |       |       |       |       |       |     4 |       ||     4
       Freezing Cloud    |       |       |       |       |       |       |     4 |     3 ||     7
Evoke: Wand              |       |       |       |     2 |       |     2 |     6 |       ||    10
  Use: Scroll            |       |       |     9 |     9 |     4 |    12 |    12 |     6 ||    52
       Potion            |       |       |       |    10 |     1 |     4 |     5 |    13 ||    33
 Stab: Sleeping          |     6 |       |     5 |    11 |     4 |     1 |     5 |     2 ||    34
       Distracted        |       |       |       |     1 |       |       |       |       ||     1
       Confused          |       |       |       |     2 |       |       |       |       ||     2
  Eat: Chunk             |     4 |     7 |    11 |    36 |    69 |    51 |    55 |    35 ||   268
       Ration            |       |     1 |     1 |     4 |     4 |     7 |     8 |     3 ||    28
Armor: Skin              |     4 |     3 |    28 |    42 |    29 |    32 |    21 |    19 ||   178
Dodge: Dodged            |    30 |    22 |   117 |   138 |   138 |   197 |   101 |    80 ||   823
Block: Buckler           |       |       |    37 |    66 |    60 |       |       |       ||   163
       Shield            |       |       |       |       |   102 |   346 |   207 |   147 ||   802
       Reflection        |       |       |       |       |    19 |    89 |    51 |    31 ||   190
       Rpst.: Long sword |       |       |       |       |     5 |     9 |     3 |       ||    17
       Scimitar          |       |       |       |       |       |     3 |     1 |       ||     4
